 Dungeon Crawl Stone Soup version 0.28-a0-1143-gcf6077d4cc (webtiles) character file.

Game seed: 1706427797016667390

200 kae the Chopper (level 5, 0/41 (45) HPs)
             Began as a Hill Orc Fighter on Dec 13, 2021.
             Slain by a wight (1 damage)
             ... on level 3 of the Dungeon.
             The game lasted 00:02:45 (2915 turns).

kae the Chopper (Hill Orc Fighter)                  Turns: 2915, Time: 00:02:46

HP:   0/41 (45)     AC: 10    Str: 21    XL:     5   Next: 78%
MP:   5/5           EV:  9    Int:  8    God:
Gold: 162           SH:  4    Dex: 10    Spells: 4/4 levels left

rFire   . . .      SeeInvis .   a - +1 war axe
rCold   . . .      Faith    .   c - +0 buckler
rNeg    . . .      Spirit   .   b - +0 scale mail
rPois   .          Reflect  .   j - +1 hat
rElec   .          Harm     .   (no cloak)
rCorr   .          Rampage  .   f - +0 pair of gloves
Will    .....                   m - +0 pair of boots
Stlth   ..........              (no amulet)
HPRegen 0.13/turn               (no ring)
MPRegen 0.09/turn               (no ring)

@: drained
A: no striking features
a: no special abilities


You were on level 3 of the Dungeon.
You visited 1 branch of the dungeon, and saw 4 of its levels.

You collected 162 gold pieces.

Inventory:

Hand Weapons
 a - a +1 war axe (weapon)
Armour
 b - a +0 scale mail (worn)
 c - a +0 buckler (worn)
 f - a +0 pair of gloves (worn)
 j - a +1 hat (worn)
 m - a +0 pair of boots (worn)
Jewellery
 g - an amulet of magic regeneration
Wands
 l - a wand of iceblast (9)
Scrolls
 e - a scroll of enchant weapon
 k - a scroll of teleportation
Potions
 d - 2 potions of might
 h - 2 potions of attraction
 i - 2 potions of curing
 n - a potion of brilliance


   Skills:
 - Level 3.6 Fighting
 + Level 7.2 Axes
 - Level 3.2 Armour
 + Level 3.9 Shields


You had 4 spell levels left.
You didn't know any spells.
Your spell library was empty.

Dungeon Overview and Level Annotations

Branches:
Dungeon (4/15)
 Temple: D:4-7

Altars:


Message History

No target in view!
No target in view!
No target in view!
No target in view!
No target in view!
You start resting.
HP restored.
You climb downwards.
The wight hits you with a +3 flail of freezing!
The wight freezes you.
There is a stone staircase leading up here.
The wight hits you with a +3 flail of freezing.
The wight freezes you.
The wight hits you with a +3 short sword!
You feel drained.
You climb upwards.
There is a stone staircase leading down here.
You are too injured to fight recklessly!
You are too injured to fight recklessly!
You are too injured to fight recklessly!
You are too injured to fight recklessly!
You are too injured to fight recklessly!
You are too injured to fight recklessly!
You barely miss the wight. You hit the wight but do no damage.
The wight hits you with a +3 flail of freezing.
* * * LOW HITPOINT WARNING * * *
The wight freezes you.
* * * LOW HITPOINT WARNING * * *
The wight hits you but does no damage.
You hit the wight but do no damage. x2; The wight closely misses you.
The wight hits you with a +3 short sword.
* * * LOW HITPOINT WARNING * * *
You feel drained.
* * * LOW HITPOINT WARNING * * *
The wight hits you with a +3 flail of freezing.
* * * LOW HITPOINT WARNING * * *
You feel drained.
* * * LOW HITPOINT WARNING * * *
The wight freezes you.
You die...

........## #.##..##...##
.......## #.##..####..#######
.......# #.##..# #.........#
.......# #.....###.........#
.......# #.##...##.........#
.#.....#### #..#...##.........#
..........# ##.#...##.>.......#
)......#..####.#z####.....#####
............##.#@# #.....#
...†.†.......#.(z##########
..†.................#
......<.............#
....................#
........##..........#
.........<#.........#
#...##..............#
###.......#.........#


You could see 2 wights.

Vanquished Creatures
  A wight (D:3)
  A hound (D:4)
  An orc wizard (D:3)
  2 adders (D:3)
  A worm (D:2)
  2 dart slugs
  6 orcs
  4 endoplasms
  A giant cockroach (D:1)
  3 goblins
  6 hobgoblins
  10 jackals
  6 quokkas
  6 ball pythons
  6 bats
  3 frilled lizards (D:1)
  7 kobolds
  4 rats
70 creatures vanquished.

Notes
Turn   | Place    | Note
-------+----------+-------------------------------------------
     0 | D:1      | kae the Hill Orc Fighter began the quest for the Orb.
     0 | D:1      | Reached XP level 1. HP: 19/19 MP: 1/1
    59 | D:1      | Reached skill level 3 in Axes
   112 | D:1      | Reached XP level 2. HP: 26/26 MP: 2/2
   139 | D:1      | Reached skill level 4 in Axes
   537 | D:1      | Reached XP level 3. HP: 21/31 MP: 3/3
   757 | D:1      | Found a faded altar of an unknown god.
  1235 | D:2      | Reached skill level 5 in Axes
  1909 | D:2      | Reached XP level 4. HP: 39/39 MP: 4/4
  2186 | D:3      | Reached skill level 6 in Axes
  2273 | D:3      | Reached XP level 5. HP: 21/45 MP: 5/5
  2820 | D:4      | Reached skill level 7 in Axes
  2915 | D:3      | HP: 1/41 [wight (2)]
  2915 | D:3      | Slain by a wight

Illustrated notes

Levels and vault maps discovered:
D:1:      giann_horns, layout_basic, chequers_ecumenical_altar_twisty,
          minmay_split_cup_large
D:2:      layout_loops_corners, serial_aquarium, aquarium_bridge_straight
          [aquarium_subvault_bridge, aquarium_subvault_window,
          aquarium_subvault_bridge, aquarium_subvault_wall],
          aquarium_window_fake, aquarium_window_2, aquarium_window_fake,
          aquarium_view_2d, aquarium_balcony_1b, aquarium_pool_four,
          supply_closet_lemuel
D:3:      layout_rooms
D:4:      layout_basic, uniq_robin

Skill      XL: |  1  2  3  4  5 |
---------------+----------------+-----
Axes           | 3 4 5 6 7 |  7.2
Fighting       | |  3.6
Armour         | |  3.2
Shields        | |  3.9

Action                   |  1- 3 |  4- 6 || total
-------------------------+-------+-------++-------
Melee: War axe           |   121 |    67 ||   188
  Use: Scroll            |     7 |     5 ||    12
Armor: Scale mail        |    87 |    35 ||   122
Dodge: Dodged            |    58 |    33 ||    91
Block: Buckler           |    29 |    15 ||    44

Table legend: (Time is in decaauts)
 A = Elapsed time spent in this place.
 B = Non-inter-level travel time spent in this place.
 C = Inter-level travel time spent in this place.
 D = Time resting spent in this place.
 E = Time spent auto-exploring this place.
 F = Levels seen in this place.
 G = Mean time per level.
                   A        B        C        D        E       F      G
               +--------+--------+--------+--------+--------+-----+--------+
         Total |   2965 |   2861 |    104 |     25 |   2350 |   4 |  741.2 |
       Dungeon |   2965 |   2861 |    104 |     25 |   2350 |   4 |  741.2 |
               +--------+--------+--------+--------+--------+-----+--------+

Top non-repeatable levels by time:
     D:1: 1084 daAuts
     D:2: 1051 daAuts
     D:3: 671 daAuts
     D:4: 157 daAuts
